 Dungeon Crawl Stone Soup version 0.31-a0-365-gcf821cafb2 (webtiles) character file.

Game seed: 7128141285013065195

6157 Newt the Spear-Bearer (level 10, -13/71 HPs)
             Began as a Merfolk Gladiator on July 28, 2023.
             Was a Follower of Hepliaklqana.
             Mangled by a death yak (19 damage)
             ... on level 8 of the Dungeon.
             The game lasted 00:11:01 (8096 turns).

Newt the Spear-Bearer (Merfolk Gladiator)           Turns: 8096, Time: 00:11:01

Health: -13/71     AC:  9    Str: 20    XL:     10   Next: 90%
Magic:  8/10       EV: 13    Int:  9    God:    Hepliaklqana [*.....]
Gold:   490        SH:  4    Dex: 18    Spells: 6/9 levels left

rFire   x . .        a - +2 trident (elec)
rCold   + . .        m - +0 buckler
rNeg    . . .        I - +0 ring mail of Impatience {Str+2 Dex+3}
rPois   .            c - +0 helmet
rElec   .            (no cloak)
rCorr   +            n - +0 pair of gloves
SInv    .            i - +1 pair of boots
Will    .....        g - amulet of the acrobat
Stlth   +            A - ring of resist corrosion
HPRegen 0.31/turn    v - ring of ice
MPRegen 0.12/turn

%: acrobat
@: no status effects
A: reduced essence, (nimble swimmer 2), mertail
a: Renounce Religion, Recall Ancestor, Ancestor Identity


You were on level 8 of the Dungeon.
You worshipped Hepliaklqana.
Hepliaklqana was aware of your devotion.
You visited 2 branches of the dungeon, and saw 10 of its levels.
You also visited: Sewer and Ossuary.

You collected 490 gold pieces.

Inventory:

Hand Weapons
 a - a +2 trident of electrocution (weapon)
Missiles
 d - 2 throwing nets
 e - a javelin
Armour
 b - a +0 leather armour
 c - a +0 helmet (worn)
 i - a +1 pair of boots (worn)
 m - a +0 buckler (worn)
 n - a +0 pair of gloves (worn)
 I - the +0 ring mail of Impatience (worn) {Str+2 Dex+3}
   (You found it on level 8 of the Dungeon)

   Str:       It affects your strength (+2).
   Dex:       It affects your dexterity (+3).
Jewellery
 g - an amulet of the acrobat (around neck)
 l - a ring of magical power
 v - a ring of ice (right hand)
 A - a ring of resist corrosion (left hand)
 F - a ring of positive energy
Wands
 u - a wand of roots (22)
Scrolls
 p - 2 scrolls of immolation
 q - a scroll of fear
 r - 3 scrolls of amnesia
 s - 3 scrolls of fog
 y - a scroll of blinking
 B - 6 scrolls of teleportation
 C - a scroll of enchant armour
 D - a scroll of enchant weapon
Potions
 f - 3 potions of heal wounds
 h - 2 potions of berserk rage
 j - a potion of degeneration
 k - 8 potions of curing
 o - 2 potions of mutation
 t - 4 potions of might
 w - 2 potions of enlightenment
 x - a potion of brilliance
 z - 2 potions of attraction
 E - 2 potions of lignification
 G - a potion of invisibility {unknown}
 H - 2 potions of haste {unknown}
 J - a potion of ambrosia {unknown}


   Skills:
 + Level 7.5 Fighting
 - Level 14.0 Polearms
 - Level 2.0 Throwing
 - Level 6.0 Dodging
 - Level 5.6 Conjurations
 - Level 7.5 Ice Magic


You had 6 spell levels left.
You knew the following spells:

 Your Spells              Type           Power      Damage    Failure   Level
a - Frozen Ramparts       Ice            40%        1d7       12%         3

Your spell library contained the following spells:

 Spells                   Type           Power      Damage    Failure   Level
 Freeze                   Ice            80%        1d9       4%          1
 Hailstorm                Conj/Ice       17%        3d6       19%         3
 Mephitic Cloud           Conj/Pois/Air  3%         N/A       77%         3
 Poisonous Vapours        Pois/Air       0%         N/A       80%         2
 Freezing Cloud           Conj/Ice/Air   5%         6-21      99%         5
 Leda's Liquefaction      Hex/Erth       0%         N/A       100%        4
 Lee's Rapid Deconstruct  Erth           0%         3d4*      100%        5
 Leda's Unmaking          Conj/Erth      2%         9d1       100%        6


Dungeon Overview and Level Annotations

Branches:
Dungeon (9/15)             Temple (1/1) D:6            Lair (0/5) D:9
  Sewer (visited)         Ossuary (visited)
    Orc: D:9-12

Altars:
Ashenzari
Cheibriados
Elyvilon
Fedhas
Gozag
Hepliaklqana
Kikubaaqudgha
Makhleb
Nemelex Xobeh
Okawaru
Qazlal
Ru
Sif Muna
Trog
Uskayaw
Vehumet
Wu Jian
Xom
Yredelemnul
Zin
The Shining One

Shops:
D:2 [   D:8 *

Annotations:
D:4 2 transporters, innerfire43's ghost, amateur DsMo


Innate Abilities, Weirdness & Mutations

Your life essence is reduced to manifest your ancestor. (-10% HP)
((You are very nimble when in or above water. (Stealth+, EV+, Speed+++)))
Your lower body shifts to a powerful aquatic tail in water.


Message History

Press: ? - help, Shift-Dir - straight line, f - death yak
Aim: a death yak (lightly wounded, 80% to hit)
You throw a throwing net. The throwing net hits the death yak.
The death yak is caught in the net!
The death yak is lightly wounded.
The wall freezes the death yak but does no damage.
The death yak struggles against the net.
You hit the death yak but do no damage.
The death yak is lightly wounded.
The wall freezes the death yak but does no damage.
The death yak struggles against the net.
You hit the death yak but do no damage.
Lightning courses through the death yak!
The death yak is moderately wounded.
The frozen ramparts melt away.
You hit the death yak.
The death yak is heavily wounded.
The death yak struggles against the net.
You hit the death yak.
The death yak is heavily wounded.
The death yak struggles against the net.
You hit the death yak but do no damage.
The death yak is heavily wounded.
You strike the helpless death yak from behind!
You hit the death yak.
The death yak is heavily wounded.
The death yak struggles against the net.
The net rips apart, and the death yak comes free!
You hit the death yak but do no damage.
Lightning courses through the death yak!
The death yak is severely wounded.
The death yak gores you!
* * * LOW HITPOINT WARNING * * *
Throw: 3 throwing nets
Press: ? - help, Shift-Dir - straight line, f/p - death yak
Aim: a death yak (severely wounded, 80% to hit)
You throw a throwing net.
The throwing net barely misses the death yak.
The death yak gores you!!
You die...

##..#####..#....#............#
##..##..#.##.......#........#
##.....................)..###
##.......#............#.#.##
#.....####>..........#....##
......## ##...#............##
.......# #..##.............###
.......# ##.###Y......#.......##
##...).###.[....@..............##
#.......#..[#.####..............#
......#...).### #...............
.##..##.....#### #..............#
..#.###........####....##.....###
.....#.........##).##.........#
................).............#
...............##).....).....####
...>.##..............#..........#


You could see a death yak.

Vanquished Creatures
  2 death yaks
  A two-headed ogre (D:7)
  A komodo dragon (D:9)
  Grinder (D:6)
  2 wyverns
  A wraith (D:7)
  A water moccasin (D:7)
  4 orc warriors (D:8)
  A hornet zombie (D:6)
  2 sky beasts
  3 ogres (D:5)
  3 centaurs
  A phantom (D:6)
  A bullfrog (D:6)
  Blork the orc (D:6)
  A wyvern zombie (D:6)
  3 wights (D:7)
  6 killer bees (D:7)
  A bullfrog zombie (D:6)
  A hound (D:5)
  2 centaur zombies (D:6)
  2 jellies
  A gnoll bouda (D:7)
  9 orc priests
  A centaur skeleton (D:6)
  6 iguanas
  3 sleepcaps (D:5)
  8 orc wizards
  A hell rat (Sewer)
  13 mummies (Ossuary)
  A howler monkey zombie (D:6)
  11 gnolls
  11 adders
  A river rat (D:4)
  A shadow imp (D:4)
  2 white imps
  3 ufetubi
  2 worms (D:2)
  6 dart slugs
  23 orcs
  6 ball pythons
  9 endoplasms
  6 goblins
  7 hobgoblins
  13 jackals
  10 kobolds
  3 quokkas
  4 bats
  A frilled lizard (D:1)
  4 gnoll skeletons (Ossuary)
  A goblin skeleton (Ossuary)
  A kobold skeleton (Ossuary)
  2 orc skeletons (Ossuary)
  17 rats
  11 rat skeletons (Ossuary)
239 creatures vanquished.

Vanquished Creatures (collateral kills)
  An orc warrior (D:8)
  An orc wizard (D:8)
  2 orcs (D:8)
  2 hobgoblins (D:8)
  A kobold (D:8)
7 creatures vanquished.

Vanquished Creatures (others)
  3 ancestors
  An orc wizard (D:7)
4 creatures vanquished.

Grand Total: 250 creatures vanquished

Notes
Turn   | Place    | Note
-------+----------+-------------------------------------------
     0 | D:1      | Newt the Merfolk Gladiator began the quest for the Orb.
     0 | D:1      | Reached XP level 1. HP: 16/16 MP: 1/1
   209 | D:1      | Reached XP level 2. HP: 23/23 MP: 2/2
   457 | D:1      | Reached XP level 3. HP: 30/30 MP: 3/3
   714 | D:2      | Found Ejyo's Antique Armour Shoppe.
   735 | D:2      | Reached XP level 4. HP: 35/37 MP: 4/4
   739 | D:2      | Reached skill level 5 in Polearms
  1065 | D:2      | Reached skill level 6 in Polearms
  1080 | D:2      | Reached XP level 5. HP: 42/42 MP: 5/5
  1515 | D:3      | Found a glowing golden altar of the Shining One.
  1569 | D:3      | Found a snail-covered altar of Cheibriados.
  1626 | D:3      | Reached skill level 7 in Polearms
  1713 | D:3      | Found a sacrificial altar of Ru.
  2125 | D:4      | Noticed innerfire43's ghost (amateur DsMo)
  2125 | D:4      | Found a transporter.
  2125 | D:4      | Found a transporter.
  2129 | D:4      | Noticed a centaur
  2130 | D:4      | Noticed an ogre
  2171 | D:4      | Found a stormy altar of Qazlal.
  2180 | D:4      | Reached XP level 6. HP: 47/48 MP: 6/6
  2312 | D:4      | Reached skill level 8 in Polearms
  2340 | D:4      | Found a glowing drain.
  2361 | Sewer    | Entered a sewer
  2725 | D:5      | Entered Level 5 of the Dungeon
  2733 | D:5      | Reached skill level 5 in Dodging
  2801 | D:5      | Reached XP level 7. HP: 54/54 MP: 7/7
  2852 | D:5      | Reached skill level 9 in Polearms
  3159 | D:5      | Found a white marble altar of Elyvilon.
  3174 | D:5      | Reached skill level 10 in Polearms
  3352 | D:5      | Reached XP level 8. HP: 41/60 MP: 8/8
  3652 | D:5      | Reached skill level 11 in Polearms
  3765 | D:5      | Found an iron altar of Okawaru.
  3836 | D:6      | Noticed Blork the orc
  3841 | D:6      | Killed Blork the orc
  3849 | D:6      | Identified the +5 falchion "Bothru" {drain, Str+3 Int+3
                  | Dex-3}
  3953 | D:6      | Reached skill level 12 in Polearms
  4094 | D:6      | Reached skill level 13 in Polearms
  4349 | D:6      | Found a radiant altar of Vehumet.
  4583 | D:6      | Noticed Grinder
  4588 | D:6      | Killed Grinder
  4589 | D:6      | Reached XP level 9. HP: 65/65 MP: 9/9
  4596 | D:6      | Found an ornate altar of the Wu Jian Council.
  4739 | D:6      | Found a staircase to the Ecumenical Temple.
  4748 | Temple   | Entered the Ecumenical Temple
  4765 | Temple   | Became a worshipper of Hepliaklqana the Forgotten
  4845 | D:7      | Reached skill level 14 in Polearms
  4885 | D:7      | Reached skill level 1 in Ice Magic
  4913 | D:7      | Found a sand-covered staircase.
  4921 | Ossuary  | Entered an ossuary
  4990 | Ossuary  | Reached skill level 1 in Conjurations
  5939 | D:7      | Noticed a two-headed ogre
  5945 | D:7      | Killed a two-headed ogre
  5946 | D:7      | Reached skill level 5 in Ice Magic
  5989 | D:7      | Learned a level 3 spell: Frozen Ramparts
  6152 | D:7      | Reached XP level 10. HP: 68/71 MP: 1/10
  6282 | D:7      | Found a hide-covered altar of Uskayaw.
  6322 | D:7      | Identified the +0 plate armour of Lel Ufim {rF++ Will+
                  | rCorr Int-2}
  6593 | D:8      | Found a shimmering blue altar of Sif Muna.
  6637 | D:8      | Reached skill level 5 in Conjurations
  6830 | D:8      | Reached * piety under Hepliaklqana
  7274 | D:8      | Found an opulent altar of Gozag.
  7343 | D:8      | Found Ikepsei's General Store.
  7363 | D:8      | Identified the +0 ring mail of Impatience {Str+2 Dex+3}
  7833 | D:9      | Noticed a death yak
  7834 | D:9      | Found a staircase to the Lair.
  7834 | D:9      | Noticed a death yak
  7842 | D:9      | Noticed a death yak
  7851 | D:9      | Killed a death yak
  7851 | D:9      | Noticed a death yak
  7852 | D:9      | Noticed a death yak
  8067 | D:9      | Noticed a death yak
  8070 | D:9      | Noticed a death yak
  8087 | D:8      | Killed a death yak
  8096 | D:8      | Mangled by a death yak

Illustrated notes

Levels and vault maps discovered:
D:1:      onia_arrival_pentagram, layout_loops_ring, palyth_stone_intersect,
          minmay_distorted
D:2:      minmay_inner_zag, layout_rooms, serial_shops, nicolae_shop_stone
D:3:      layout_basic, nicolae_tso_swordbearing_angel, lemuel_tele_altar,
          hangedman_ru_absence
D:4:      layout_rooms, mainiacjoe_overflow_24_doors, portal_sewer_entry_a,
          gammafunk_ghost_arena
D:5:      layout_loops_ring, lemuel_round_altar, pf_just_have_faith
D:6:      layout_basic, mainiacjoe_overflow_paths,
          lemuel_coloured_pillars_altar, minmay_temple_entry_poolview,
          serial_undead, serial_undead_e, serial_undead_e, serial_undead_a,
          serial_undead_b, st_stairs_1, uniq_blork_the_orc, uniq_grinder
D:7:      layout_basic, mainiacjoe_overflow_alcove_4,
          nicolae_ossuary_entry_plus, kb_lookout_dungeons_type,
          minmay_misc_feat_ornament
D:8:      corexii_shack_village, layout_cave_pools, grunt_gozag_breadcrumbs,
          mainiacjoe_overflow_tiny_flanked, serial_shops, nicolae_diamond_shop
D:9:      layout_basic, dpeg_lair_monsters, nzn_life_drinkers
Temple:   zaba_magenta_temple

Skill      XL: |  1  2  3  4  5  6  7  8  9 10 |
---------------+-------------------------------+-----
Fighting       | 3 4 7 |  7.5
Polearms       | 6 7 8 10 13 14 | 14.0
Dodging        | 6 |  6.0
Ice Magic      | 5 7 |  7.5
Conjurations   | 4 5 |  5.6
Throwing       | |  2.0

Action                     |  1- 3 |  4- 6 |  7- 9 | 10-12 || total
---------------------------+-------+-------+-------+-------++-------
  Melee: Trident           |    86 |   206 |   319 |   208 ||   819
         Punch             |       |     2 |       |       ||     2
         Tailslap          |       |     1 |       |       ||     1
  Throw: Throwing net      |       |       |     1 |     3 ||     4
   Cast: Frozen Ramparts   |       |       |     2 |     6 ||     8
    Use: Scroll            |     5 |     9 |     8 |       ||    22
         Potion            |       |       |     4 |     2 ||     6
   Stab: Sleeping          |     1 |     4 |     2 |     1 ||     8
         Held in net/web   |       |       |       |     1 ||     1
 Armour: Leather armour    |    23 |    31 |    45 |    25 ||   124
         Ring mail         |       |       |       |     5 ||     5
  Dodge: Dodged            |    62 |    73 |    97 |    80 ||   312
  Block: Buckler           |       |    13 |    28 |    16 ||    57

Table legend: (Time is in decaauts)
 A = Elapsed time spent in this place.
 B = Non-inter-level travel time spent in this place.
 C = Inter-level travel time spent in this place.
 D = Time resting spent in this place.
 E = Time spent auto-exploring this place.
 F = Levels seen in this place.
 G = Mean time per level.
                   A        B        C        D        E       F      G
               +--------+--------+--------+--------+--------+-----+--------+
         Total |   7916 |   7591 |    325 |   1290 |   4755 |  12 |  659.7 |
       Dungeon |   7384 |   7092 |    292 |   1290 |   4395 |   9 |  820.4 |
        Temple |     34 |      1 |     33 |      0 |      0 |   1 |   34.0 |
         Sewer |     70 |     70 |      0 |      0 |     30 |   1 |   70.0 |
       Ossuary |    427 |    427 |      0 |      0 |    330 |   1 |  427.0 |
               +--------+--------+--------+--------+--------+-----+--------+

Top non-repeatable levels by time:
     D:8: 1370 daAuts
     D:7: 1104 daAuts
     D:5: 1100 daAuts
     D:6: 920 daAuts
     D:3: 736 daAuts
     D:1: 713 daAuts
     D:2: 686 daAuts
     D:4: 515 daAuts
 Ossuary: 427 daAuts
     D:9: 236 daAuts
   Sewer: 70 daAuts
  Temple: 34 daAuts
